 Dungeon Crawl Stone Soup version 0.31-a0-986-g5e6e4ef867 (webtiles) character file.

Game seed: 3586786204989726497

379 Gelion the Magician (level 7, 22/51 HPs)
             Began as a Djinni Conjurer on Nov 13, 2023.
             Quit the game on level 4 of the Dungeon on Nov 14, 2023.
             The game lasted 00:05:58 (2980 turns).

Gelion the Magician (Djinni Conjurer)               Turns: 2980, Time: 00:05:58

Health: 22/51      AC:  2    Str:  6    XL:     7   Next: 4%
Gold:   148        EV: 12    Int: 22    God:
                   SH:  0    Dex: 11

rFire   + + .        h - staff of conjuration
rCold   x . .        (no shield)
rNeg    . . .        a - +0 robe
rPois   ∞            (no helmet)
rElec   .            (no cloak)
rCorr   .            (no gloves)
SInv    .            (boots unavailable)
Will    .....        (no amulet)
Stlth   ++           (no ring)
HPRegen 0.28/turn    (no ring)
MPRegen 0.00/turn

%: no passive effects
@: flying
A: sickness immunity, fire resistance 2, cold vulnerability 1, float, innate
caster, HP casting, extra vitality 1
a: no special abilities


You were on level 4 of the Dungeon.
You visited 1 branch of the dungeon, and saw 4 of its levels.

You collected 148 gold pieces.

Inventory:

Armour
 a - a +0 robe (worn)
Magical Staves
 h - a staff of conjuration (weapon)
Jewellery
 f - a ring of positive energy
Scrolls
 c - 2 scrolls of teleportation {unknown}
 d - 3 scrolls of noise {unknown}
 e - a scroll of enchant armour {unknown}
 g - 2 scrolls of vulnerability {unknown}
 i - 3 scrolls of immolation
 k - a scroll of poison {unknown}
 l - a scroll of fog {unknown}
Potions
 b - 3 potions of degeneration {unknown}
 j - 3 potions of heal wounds {unknown}
 m - 2 potions of brilliance {unknown}


   Skills:
 + Level 3.8 Fighting
 + Level 3.0 Staves
 - Level 2.1 Dodging
 - Level 1.5 Stealth
 + Level 4.3 Spellcasting
 + Level 4.3 Conjurations
 + Level 4.3 Hexes
 + Level 4.3 Summonings
 + Level 4.3 Necromancy
 + Level 4.3 Translocations
 + Level 4.3 Transmutations
 + Level 4.3 Fire Magic
 + Level 4.3 Ice Magic
 + Level 4.3 Air Magic
 + Level 4.3 Earth Magic
 + Level 4.3 Poison Magic


You knew the following spells:

 Your Spells              Type           Power      Damage    Failure   Level
a - Magic Dart            Conj           100%       1d8       1%          1
b - Searing Ray           Conj           72%        2d7       2%          2
c - Dazzling Flash        Conj/Hex       72%        N/A       5%          3
d - Fulminant Prism       Conj/Hex       18%        3d10      19%         4
e - Iskenderun's Mystic   Conj/Tloc      36%        2d9       19%         4
f - Apportation           Tloc           48%        N/A       1%          1
g - Wereblood             Tmut           24%        N/A       2%          2
h - Momentum Strike       Conj/Tloc      72%        3d10      2%          2
Your spell library was empty.

Dungeon Overview and Level Annotations

Branches:
Dungeon (4/15)
 Temple: D:4-7

Altars:
Fedhas
Gozag
Trog

Shops:
D:2 :


Innate Abilities, Weirdness & Mutations

You are immune to sickness and miasma.
You are immune to poison.
Your flesh is very heat resistant. (rF++)
You are vulnerable to cold. (rC-)
You float through the air rather than walking.
You learn spells naturally, not from books.
Your magical power is your life essence.
You have superior vitality. (+4 MHP)


Message History

Eustachio hits you with a +0 falchion.
Casting: Searing Ray (safe; 3% risk of failure)
Confirm with . or Enter, or press ? or * to list all spells.
Aiming: Searing Ray (safe; 3% risk of failure)
Press: ? - help, Shift-Dir - straight line, f/p - Eustachio
Aim: Eustachio, wielding a +0 falchion and wearing a +0 leather armour (moderately wounded, 73% to hit)
You feel a surge of power!
The searing ray hits Eustachio!
Eustachio is heavily wounded. (Press . to maintain the ray.) Eustachio misses you.
The searing ray hits Eustachio.
Eustachio is severely wounded.
Eustachio mumbles some strange words.
Eustachio blinks!
The searing ray hits Eustachio!
Eustachio is almost dead.
The searing ray hits Eustachio.
Eustachio is almost dead.
You finish channelling your searing ray.
Casting: Searing Ray (safe; 3% risk of failure)
Confirm with . or Enter, or press ? or * to list all spells.
Aiming: Searing Ray (safe; 3% risk of failure)
Press: ? - help, Shift-Dir - straight line, f/p - Eustachio
Aim: Eustachio, wielding a +0 falchion and wearing a +0 leather armour (almost dead, 73% to hit)
You feel a surge of power!
The searing ray hits Eustachio.
Eustachio is almost dead. (Press . to maintain the ray.) Eustachio misses you.
The searing ray misses Eustachio.
Eustachio hits you with a +0 falchion.
The searing ray misses Eustachio.
Eustachio hits you with a +0 falchion.
The searing ray hits Eustachio!
You kill Eustachio!
You finish channelling your searing ray.
Your Staves skill increases to level 3!
You have reached level 7!
The power to cast Momentum Strike wells up from within.
Spell assigned to 'h'.
You need no library to learn spells.
Unknown command.
Are you sure you want to abandon this character and quit the game? (Confirm with "yes".)

#####
#....##
.......##
#.<###
##...##
###..###
##..@#
###).....#
?.^.....#
....##._..
#.#.## ..#
..#.# ##
##.... #
...


There were no monsters in sight!

Vanquished Creatures
  Eustachio (D:4)
  An ogre (D:3)
  Robin (D:2)
  6 gnolls
  An adder (D:2)
  2 dart slugs
  7 bats
  9 endoplasms
  15 goblins
  11 hobgoblins
  A jackal (D:2)
  4 kobolds
  3 quokkas
  4 ball pythons
  4 frilled lizards
  3 rats
73 creatures vanquished.

Notes
Turn   | Place    | Note
-------+----------+-------------------------------------------
     0 | D:1      | Gelion the Djinni Conjurer began the quest for the Orb.
     0 | D:1      | Gelion set off with the following spells memorised: Magic
                  | Dart, Searing Ray, Dazzling Flash, Fulminant Prism,
                  | Iskenderun's Mystic Blast.
     0 | D:1      | Reached XP level 1. HP: 15/15 MP: 0/0
   162 | D:1      | Reached XP level 2. HP: 20/22 MP: 0/0
   168 | D:1      | Reached skill level 1 in Fighting
   434 | D:1      | Reached XP level 3. HP: 24/27 MP: 0/0
   434 | D:1      | Learned a level 1 spell: Apportation
  1066 | D:2      | Found a faded altar of an unknown god.
  1102 | D:2      | Noticed Robin
  1133 | D:2      | Killed Robin
  1136 | D:2      | Reached XP level 4. HP: 4/33 MP: 0/0
  1278 | D:2      | Reached skill level 1 in Staves
  1503 | D:2      | Reached XP level 5. HP: 26/39 MP: 0/0
  1503 | D:2      | Learned a level 2 spell: Wereblood
  1623 | D:2      | Found Jyryhaf's Book Shoppe.
  2064 | D:3      | Noticed an ogre
  2070 | D:3      | Killed an ogre
  2071 | D:3      | Reached XP level 6. HP: 39/46 MP: 0/0
  2253 | D:3      | Found a blossoming altar of Fedhas.
  2753 | D:3      | Found an opulent altar of Gozag.
  2963 | D:4      | Found a bloodstained altar of Trog.
  2966 | D:4      | Noticed Eustachio
  2979 | D:4      | Killed Eustachio
  2980 | D:4      | Reached XP level 7. HP: 22/51 MP: 0/0
  2980 | D:4      | Learned a level 2 spell: Momentum Strike
  2980 | D:4      | Quit the game

Illustrated notes

Levels and vault maps discovered:
D:1:      ncdulo_lavacross, layout_basic
D:2:      minmay_spotlight, layout_loops_ring,
          hellmonk_ecumenical_altar_blasted, serial_shops, nicolae_diamond_shop,
          uniq_robin
D:3:      layout_loops_corners, nicolae_gozag_cash_rules_everything_around_me,
          fedhas_altar_3
D:4:      layout_rooms, trog_three_pillars_becter, nicolae_zen_rock_garden,
          nicolae_take_the_stairs, hangedman_abyss_or_decor_stagger,
          minmay_quantized, uniq_eustachio, uniq_grinder

Skill      XL: |  1  2  3  4  5  6 |
---------------+-------------------+-----
Fighting       | 1 2 3 |  3.8
Staves         | 1 2 3 |  3.0
Spellcasting   | 4 |  4.3
Conjurations   | 4 |  4.3
Hexes          | 4 |  4.3
Summonings     | 4 |  4.3
Necromancy     | 4 |  4.3
Translocations | 4 |  4.3
Transmutations | 4 |  4.3
Fire Magic     | 4 |  4.3
Ice Magic      | 4 |  4.3
Air Magic      | 4 |  4.3
Earth Magic    | 4 |  4.3
Poison Magic   | 4 |  4.3
Dodging        | |  2.1
Stealth        | |  1.5

Action                     |  1- 3 |  4- 6 |  7- 9 || total
---------------------------+-------+-------+-------++-------
   Cast: Magic Dart        |    57 |    61 |       ||   118
         Searing Ray       |     6 |     9 |       ||    15
 Armour: Robe              |     6 |     9 |       ||    15
  Dodge: Dodged            |     9 |    12 |       ||    21

Table legend: (Time is in decaauts)
 A = Elapsed time spent in this place.
 B = Non-inter-level travel time spent in this place.
 C = Inter-level travel time spent in this place.
 D = Time resting spent in this place.
 E = Time spent auto-exploring this place.
 F = Levels seen in this place.
 G = Mean time per level.
                   A        B        C        D        E       F      G
               +--------+--------+--------+--------+--------+-----+--------+
         Total |   2979 |   2852 |    127 |     91 |   2438 |   4 |  744.8 |
       Dungeon |   2979 |   2852 |    127 |     91 |   2438 |   4 |  744.8 |
               +--------+--------+--------+--------+--------+-----+--------+

Top non-repeatable levels by time:
     D:1: 1139 daAuts
     D:3: 968 daAuts
     D:2: 849 daAuts
     D:4: 21 daAuts
